 Dungeon Crawl Stone Soup version 0.22-a0-469-gf26638a (webtiles) character file.

46 emperorscorpion the Charmwright (level 3, 0/18 HPs)
             Began as a Vine Stalker Skald on June 13, 2018.
             Slain by a crimson imp (2 damage)
             ... on level 6 of the Dungeon.
             The game lasted 00:06:08 (811 turns).

emperorscorpion the Charmwright (Vine Stalker Skald) Turns: 811, Time: 00:06:09

Health: 0/18       AC:  5    Str: 11    XL:     3   Next: 68%
Magic:  0/7        EV: 12    Int: 15    God:
Gold:   35         SH:  0    Dex: 14    Spells: 2/6 levels left

rFire    . . .     SeeInvis .   a - +0 short sword
rCold    . . .     Gourm    .   (no shield)
rNeg     . . .     Faith    .   b - +1 leather armour
rPois    .         Spirit   +   (no helmet)
rElec    .         Reflect  .   (no cloak)
rCorr    .         Harm     .   f - +0 pair of gloves
MR       .....     Rnd*Tele +   (no boots)
Stlth    +.........             (no amulet)
HPRegen  0.06/turn              (no ring)
MPRegen  0.10/turn              (no ring)

@: no status effects
A: fangs 2, clever 1, teleportitis 1, weak 1, magic shield, antimagic bite, no
potion heal 3, rot immunity
a: no special abilities


You were on level 6 of the Dungeon.
You were not hungry.

You visited 1 branch of the dungeon, and saw 4 of its levels.

You collected 35 gold pieces.

Inventory:

Hand Weapons
 a - a +0 short sword (weapon)
Armour
 b - a +1 leather armour (worn)
 f - a +0 pair of gloves (worn)
Scrolls
 i - a scroll of magic mapping
 j - 2 scrolls of enchant armour
 k - 2 scrolls of noise {unknown}
Potions
 g - 2 potions of heal wounds
 h - a potion of berserk rage {unknown}
Comestibles
 d - 2 rations
 l - 2 chunks of flesh


   Skills:
 + Level 2.1 Fighting
 + Level 2.0 Short Blades
 + Level 1.4 Armour
 + Level 2.1 Dodging
 * Level 2.3 Spellcasting
 * Level 3.3 Charms


You had 2 spell levels left.
You knew the following spells:

 Your Spells              Type           Power        Failure   Level  Hunger
a - Infusion              Chrm           ##..         7%          1    #......
r - Regeneration          Chrm/Necr      #.........   38%         3    ###....

Your spell library contained the following spells:

 Spells                   Type           Power        Failure   Level  Hunger
 Apportation              Tloc           #.....       28%         1    #......
 Summon Small Mammal      Summ           #...         28%         1    #......
 Animate Skeleton         Necr           N/A          28%         1    #......
 Confusing Touch          Hex            #.....       28%         1    #......
 Shroud of Golubria       Chrm/Tloc      #.........   22%         2    ###....
 Song of Slaying          Chrm           ##......     11%         2    ###....
 Spectral Weapon          Hex/Chrm       #.......     38%         3    ###....


Dungeon Overview and Level Annotations

Branches:
Dungeon (3/15)

Altars:

Annotations:
D:3 Soeti's ghost, amateur OpEn


Innate Abilities, Weirdness & Mutations

You have extremely sharp teeth.
When hurt, damage is shared between your health and your magic reserves.
Your bite disrupts and absorbs the magic of your enemies.
Potions cannot restore your health.
You are immune to rotting.
Your mind is acute. (Int +2)
You are occasionally teleported next to monsters.
You are weak. (Str -2)


Message History

You bite the crimson imp, but do no damage.
The crimson imp is lightly wounded.
The crimson imp hits you but does no damage.
You hit the crimson imp.
You bite the crimson imp, but do no damage.
The crimson imp is moderately wounded.
The crimson imp closely misses you.
You closely miss the crimson imp.
The crimson imp is lightly wounded.
The crimson imp hits you.
* * * LOW HITPOINT WARNING * * *
It was a potion of mutation.
You feel extremely strange.
You feel weaker.
You feel weirdly uncertain.
You feel clever. The crimson imp hits you.
* * * LOW HITPOINT WARNING * * *
It was a potion of curing.
That felt strangely inert.
The crimson imp hits you but does no damage.
It was a potion of heal wounds.
That seemed strangely inert.
The crimson imp hits you.
You die...

#### ...# ...# . ...#
####### .. ...### #.....#
... ...>.#####.....# %...
...#...........# .....
....##.##......######...Y..
....#..######..5@..Y.......
......## #########......
...#.. ..... ....... ....
...... ... ...... .. .


You could see an ice beast and a crimson imp.

Vanquished Creatures
  An adder (D:3)
  An ooze (D:2)
  A leopard gecko (D:2)
  An orc (D:3)
  3 giant cockroaches
  5 goblins
  4 hobgoblins
  2 kobolds
  5 bats
  3 frilled lizards
  4 rats
30 creatures vanquished.

Notes
Turn   | Place    | Note
-------+----------+-------------------------------------------
     0 | D:1      | emperorscorpion the Vine Stalker Skald began the quest for the Orb.
     0 | D:1      | Reached XP level 1. HP: 11/11 MP: 4/4
    79 | D:1      | Reached XP level 2. HP: 12/15 MP: 6/6
   379 | D:2      | Reached skill level 1 in Armour
   425 | D:2      | Reached XP level 3. HP: 12/18 MP: 7/7
   563 | D:3      | Noticed Soeti's ghost (amateur OpEn)
   775 | D:3      | You fall through a shaft for 3 floors!
   780 | D:6      | Learned a level 3 spell: Regeneration
   799 | D:6      | Noticed an ice beast
   809 | D:6      | Gained mutation: You are weak. (Str -2) [potion of mutation]
   809 | D:6      | Gained mutation: You are occasionally teleported next to monsters. [potion of mutation]
   809 | D:6      | Gained mutation: Your mind is acute. (Int +2) [potion of mutation]
   811 | D:6      | Slain by a crimson imp

Vault maps used:
D:1:      matt_arrival_los_fun, minmay_misc_feat_square
D:2:      old_standard_altar, first_ration, minmay_unequal, uniq_terence,
          uniq_robin, uniq_natasha
D:6:      lemuel_temple_firewalk_a, uniq_grinder, uniq_edmund, uniq_pikel

Skill      XL: |  1  2  3 |
---------------+----------+-----
Dodging        | 2 |  2.1
Armour         | 1 |  1.4
Fighting       | 2 |  2.1
Short Blades   | 2 |  2.0
Spellcasting   | |  2.3
Charms         | |  3.3

Action                   || total
-------------------------++-------
Melee: Short sword       ||   120
       Bite              ||    27
  Use: Potion            ||     3
       Scroll            ||     2
Armor: Leather armour    ||    59
Dodge: Dodged            ||   122

Table legend:
 A = Spawn XP
 B = Non-spawn XP
 C = Spawn XP percentage of total XP
 D = Spawn monster count
 E = Non-spawn monster count
 F = Spawn count percentage of total count
 G = Total turns spent on level
                    A         B        C        D         E        F      G
               +---------+---------+-------+---------+---------+-------+---------
         Total |       0 |      67 |   0.0 |       0 |      30 |   0.0 |   811
               +---------+---------+-------+---------+---------+-------+---------
           D:1 |       0 |      23 |   0.0 |       0 |      13 |   0.0 |   355
           D:2 |       0 |      20 |   0.0 |       0 |       8 |   0.0 |   187
           D:3 |       0 |      24 |   0.0 |       0 |       9 |   0.0 |   233
               +---------+---------+-------+---------+---------+-------+---------
